 Dungeon Crawl Stone Soup version 0.30-a0-586-g23e55c9e0a (webtiles) character file.

Game seed: 14168297967462465836

698 wormed the Cleaver (level 7, -2/51 HPs)
             Began as a Gnoll Wanderer on Jan 4, 2023.
             Slain by a black bear (8 damage)
             ... on level 5 of the Dungeon.
             The game lasted 00:08:27 (3962 turns).

wormed the Cleaver (Gnoll Wanderer)                 Turns: 3962, Time: 00:08:27

Health: -2/51      AC:  5    Str: 18    XL:     7   Next: 65%
Magic:  3/3        EV: 11    Int:  8    God:
Gold:   263        SH:  9    Dex: 10    Spells: 8/11 levels left

rFire   + . .      SeeInvis .    G - +5 demon whip "Spellbinder" {antimagic, Will+}
rCold   + . .      Faith    .    C - +0 buckler
rNeg    + . .      Spirit   .    f - +0 leather armour
rPois   .          Reflect  +    (no helmet)
rElec   .          Harm     .    k - +0 cloak
rCorr   .          Rampage  .    r - +0 pair of gloves
Will    ++...                    (no boots)
Stlth   ++                       n - amulet of reflection
HPRegen 0.28/turn                p - ring "Xoatyh" {+Blink rF+ rC+ Will+}
MPRegen 0.08/turn                d - ring of positive energy

@: hasted, invisible, very quick
A: fangs 1, strong nose, distributed training
a: Evoke Blink


You were on level 5 of the Dungeon.
You visited 1 branch of the dungeon, and saw 5 of its levels.

You collected 263 gold pieces.

Inventory:

Hand Weapons
 G - the +5 demon whip "Spellbinder" (weapon) {antimagic, Will+}
   (You found it on level 5 of the Dungeon)

   It reduces the magical energy of the wielder, and disrupts the spells and
   magical abilities of those it strikes.
   Natural abilities and divine invocations are not affected.
   It unleashes wild and unpredictable magical effects upon striking a wizard or
   a creature with magical abilities.
   Will:      It increases your willpower.
Missiles
 c - 8 poisoned darts (quivered)
 B - 4 javelins
Armour
 f - a +0 leather armour (worn)
 k - a +0 cloak (worn)
 r - a +0 pair of gloves (worn)
 C - a +0 buckler (worn)
Jewellery
 d - a ring of positive energy (right hand)
 n - an amulet of reflection (around neck)
 p - the ring "Xoatyh" (left hand) {+Blink rF+ rC+ Will+}
   (You found it on level 3 of the Dungeon)

   [ring of protection from cold]

   rF:        It protects you from fire.
   rC:        It protects you from cold.
   +Blink:    It lets you blink.
   Will:      It increases your willpower.
 s - a ring of fire
Wands
 i - a wand of polymorph (11)
Scrolls
 e - a scroll of blinking
 h - 4 scrolls of teleportation
 j - 4 scrolls of magic mapping
 q - 2 scrolls of summoning
 u - 2 scrolls of brand weapon {unknown}
 w - 3 scrolls of noise {unknown}
 y - 2 scrolls of enchant armour {unknown}
 z - a scroll of acquirement {unknown}
 A - a scroll of poison {unknown}
 F - a scroll of vulnerability {unknown}
Potions
 b - a potion of haste
 g - 4 potions of might
 m - a potion of magic
 v - a potion of cancellation
 x - 2 potions of ambrosia
 D - a potion of curing {unknown}
 E - a potion of lignification


   Skills:
 + Level 2.7 Fighting
 + Level 2.7 Short Blades
 + Level 9.0 Long Blades
 + Level 9.0 Axes
 + Level 2.7 Maces & Flails
 + Level 2.7 Polearms
 + Level 2.7 Staves
 + Level 2.7 Ranged Weapons
 + Level 3.8 Throwing
 + Level 3.8 Armour
 + Level 2.7 Dodging
 + Level 2.7 Stealth
 + Level 2.7 Shields
 + Level 2.7 Unarmed Combat
 + Level 2.7 Spellcasting
 + Level 2.2 Conjurations
 + Level 2.2 Hexes
 + Level 2.2 Summonings
 + Level 2.2 Necromancy
 + Level 2.2 Translocations
 + Level 2.2 Transmutations
 + Level 2.2 Fire Magic
 + Level 2.2 Ice Magic
 + Level 2.2 Air Magic
 + Level 2.2 Earth Magic
 + Level 2.2 Poison Magic
 + Level 3.0 Invocations
 + Level 2.7 Evocations


You had 8 spell levels left.
You knew the following spells:

 Your Spells              Type           Power      Damage    Failure   Level
a - Dazzling Flash        Conj/Hex       8%         N/A       52%         3

Your spell library contained the following spells:

 Spells                   Type           Power      Damage    Failure   Level
 Static Discharge         Conj/Air       8%         2-3/arc   30%         2
 Vhi's Electric Charge    Tloc/Air       8%         N/A       52%         3
 Iskenderun's Mystic Bla  Conj/Tloc      4%         2d3       90%         4
 Arcjolt                  Conj/Air       2%         1d12      99%         5
 Lightning Bolt           Conj/Air       2%         1d13      99%         5
 Starburst                Conj/Fire      2%         6d3       100%        6


Dungeon Overview and Level Annotations

Branches:
Dungeon (5/15)
 Temple: D:4-7

Altars:
Hepliaklqana
Zin


Innate Abilities, Weirdness & Mutations

You have very sharp teeth.
Your uncanny sense of smell can sniff out nearby items.
Your experience applies equally to all skills.


Message History

You drop a +2 falchion.
You drop a +1 short sword of venom.
As you read the scroll of identify, it crumbles to dust.
E - a potion of lignification A black bear comes into view.
A black bear is nearby!
A black bear is nearby!
A black bear is nearby!
You see here a +0 shortbow.
You whack the black bear!
The black bear is moderately wounded.
You block the black bear's attack. The black bear barely misses you.
The black bear closely misses you.
You barely miss the black bear.
You bite the black bear, but do no damage.
The black bear is moderately wounded.
You block the black bear's attack. The black bear barely misses you.
The black bear claws you but does no damage.
You whack the black bear!
The black bear is almost dead.
The black bear goes berserk!
You hit the black bear.
The black bear is almost dead.
The black bear closely misses you. The black bear claws you. x2
The black bear bites you! The black bear claws you. x2
You are too injured to fight recklessly!
You are too injured to fight recklessly!
You are too injured to fight recklessly!
You closely miss the black bear. Your bite misses the black bear.
The black bear is almost dead.
The black bear bites you!
* * * LOW HITPOINT WARNING * * *
You block the black bear's attack. x2
You fade into invisibility!
You block the black bear's attack. x3; The black bear barely misses you.
The black bear claws you but does no damage.
The black bear claws you.
* * * LOW HITPOINT WARNING * * *
You feel yourself speed up. The black bear bites you!
You die...

.............####
###........#..#
............#.#
............#.## ∆
#...........#..##
#...........##..##
.................# ..
.<.........###.(.###....
##..............@h....(.
####.#..#.##.)##.###....
# #....#..##...........
# ###...#..#...........
# #.#................
######.####.#..........^
..#..... #.#...........
........ # #.......>...
........ ............


You could see a black bear (berserk, unable to see you).

Vanquished Creatures
  A golden eye (D:3)
  A centaur (D:5)
  A necrophage (D:4)
  A scorpion (D:4)
  Dowan (D:4)
  A howler monkey (D:4)
  A jelly (D:5)
  An orc priest (D:5)
  A hound (D:5)
  2 orc wizards (D:5)
  8 adders
  A worm (D:3)
  2 dart slugs
  12 orcs
  3 endoplasms (D:2)
  A giant cockroach (D:2)
  6 goblins
  2 hobgoblins (D:3)
  3 jackals (D:4)
  A quokka (D:4)
  5 ball pythons
  5 bats
  5 frilled lizards
  5 kobolds
  3 rats (D:3)
73 creatures vanquished.

Notes
Turn   | Place    | Note
-------+----------+-------------------------------------------
     0 | D:1      | wormed the Gnoll Wanderer began the quest for the Orb.
     0 | D:1      | wormed set off with the following items: a +2 falchion, a
                  | +0 hand axe, 8 boomerangs, a +0 dagger, a scroll of
                  | blinking, a +0 leather armour.
     0 | D:1      | Reached XP level 1. HP: 13/13 MP: 1/1
   333 | D:1      | Reached XP level 2. HP: 17/19 MP: 2/2
  1173 | D:2      | Reached XP level 3. HP: 25/25 MP: 3/3
  1542 | D:3      | Reached skill level 1 in Invocations
  1544 | D:3      | Identified the ring "Xoatyh" {+Blink rF+ rC+ Will+}
  1683 | D:3      | Reached skill level 1 in Fighting
  1683 | D:3      | Reached skill level 1 in Short Blades
  1683 | D:3      | Reached skill level 1 in Maces & Flails
  1683 | D:3      | Reached skill level 1 in Polearms
  1683 | D:3      | Reached skill level 1 in Staves
  1683 | D:3      | Reached skill level 1 in Ranged Weapons
  1683 | D:3      | Reached skill level 1 in Dodging
  1683 | D:3      | Reached skill level 1 in Stealth
  1683 | D:3      | Reached skill level 1 in Shields
  1683 | D:3      | Reached skill level 1 in Unarmed Combat
  1683 | D:3      | Reached skill level 1 in Spellcasting
  1683 | D:3      | Reached skill level 1 in Evocations
  1741 | D:3      | HP: 1/26 [acid (9)]
  1745 | D:3      | a jelly changed into a sky beast
  1745 | D:3      | Noticed a sky beast
  1866 | D:3      | Reached XP level 4. HP: 32/32 MP: 5/5
  1872 | D:3      | a sky beast changed into a golden eye
  1872 | D:3      | Noticed a golden eye
  1886 | D:3      | Killed a golden eye
  1887 | D:3      | Reached skill level 1 in Conjurations
  1887 | D:3      | Reached skill level 1 in Hexes
  1887 | D:3      | Reached skill level 1 in Summonings
  1887 | D:3      | Reached skill level 1 in Necromancy
  1887 | D:3      | Reached skill level 1 in Translocations
  1887 | D:3      | Reached skill level 1 in Transmutations
  1887 | D:3      | Reached skill level 1 in Fire Magic
  1887 | D:3      | Reached skill level 1 in Ice Magic
  1887 | D:3      | Reached skill level 1 in Air Magic
  1887 | D:3      | Reached skill level 1 in Earth Magic
  1887 | D:3      | Reached skill level 1 in Poison Magic
  1887 | D:3      | Reached XP level 5. HP: 38/38 MP: 5/7
  2356 | D:4      | Noticed Dowan
  2358 | D:4      | Noticed Duvessa
  2475 | D:4      | Killed Dowan
  2476 | D:4      | Reached XP level 6. HP: 31/44 MP: 8/8
  2597 | D:4      | Found a glowing silver altar of Zin.
  2757 | D:4      | Duvessa changed into Duvessa the scorpion
  2757 | D:4      | Noticed Duvessa
  2765 | D:4      | Killed Duvessa the scorpion
  3020 | D:4      | Learned a level 3 spell: Dazzling Flash
  3196 | D:5      | Entered Level 5 of the Dungeon
  3207 | D:4      | Reached XP level 7. HP: 46/50 MP: 10/10
  3359 | D:5      | Found the +5 demon whip "Spellbinder" {antimagic, Will+}
  3903 | D:5      | Found a hazy altar of Hepliaklqana.
  3962 | D:5      | Slain by a black bear

Illustrated notes

Levels and vault maps discovered:
D:1:      onia_arrival_pyramid, layout_basic
D:2:      layout_basic, minmay_tetromino_s4
D:3:      layout_loops_cross
D:4:      layout_rooms, amcnicky_altar_gilded, uniq_duvessa
D:5:      layout_rooms, mainiacjoe_overflow_boulevard

Skill      XL: |  1  2  3  4  5  6  7 |
---------------+----------------------+-----
Invocations    | 1 2 3 |  3.0
Fighting       | 1 2 |  2.7
Short Blades   | 1 2 |  2.7
Maces & Flails | 1 2 |  2.7
Polearms       | 1 2 |  2.7
Staves         | 1 2 |  2.7
Ranged Weapons | 1 2 |  2.7
Dodging        | 1 2 |  2.7
Stealth        | 1 2 |  2.7
Shields        | 1 2 |  2.7
Unarmed Combat | 1 2 |  2.7
Spellcasting   | 1 2 |  2.7
Evocations     | 1 2 |  2.7
Throwing       | 3 |  3.8
Armour         | 3 |  3.8
Conjurations   | 1 2 |  2.2
Hexes          | 1 2 |  2.2
Summonings     | 1 2 |  2.2
Necromancy     | 1 2 |  2.2
Translocations | 1 2 |  2.2
Transmutations | 1 2 |  2.2
Fire Magic     | 1 2 |  2.2
Ice Magic      | 1 2 |  2.2
Air Magic      | 1 2 |  2.2
Earth Magic    | 1 2 |  2.2
Poison Magic   | 1 2 |  2.2
Long Blades    | 9 |  9.0
Axes           | 9 |  9.0

Action                   |  1- 3 |  4- 6 |  7- 9 || total
-------------------------+-------+-------+-------++-------
Melee: Falchion          |    80 |    75 |   108 ||   263
       Bite              |    11 |     4 |     9 ||    24
       Short sword       |    23 |       |       ||    23
       Punch             |     1 |     1 |       ||     2
       Demon whip        |       |       |     5 ||     5
Throw: Boomerang         |     2 |     1 |       ||     3
Evoke: Wand              |     1 |     3 |       ||     4
  Use: Scroll            |     1 |     5 |     5 ||    11
       Potion            |       |       |     2 ||     2
 Stab: Sleeping          |       |     1 |       ||     1
Armor: Leather armour    |    24 |     5 |    52 ||    81
Dodge: Dodged            |    37 |    27 |    71 ||   135
Block: Other             |     3 |    13 |     6 ||    22
       Reflection        |       |     1 |     2 ||     3
       Buckler           |       |       |    66 ||    66

Table legend: (Time is in decaauts)
 A = Elapsed time spent in this place.
 B = Non-inter-level travel time spent in this place.
 C = Inter-level travel time spent in this place.
 D = Time resting spent in this place.
 E = Time spent auto-exploring this place.
 F = Levels seen in this place.
 G = Mean time per level.
                   A        B        C        D        E       F      G
               +--------+--------+--------+--------+--------+-----+--------+
         Total |   3937 |   3628 |    309 |     75 |   2785 |   5 |  787.4 |
       Dungeon |   3937 |   3628 |    309 |     75 |   2785 |   5 |  787.4 |
               +--------+--------+--------+--------+--------+-----+--------+

Top non-repeatable levels by time:
     D:3: 1034 daAuts
     D:2: 814 daAuts
     D:1: 741 daAuts
     D:4: 738 daAuts
     D:5: 607 daAuts
